 Dungeon Crawl Stone Soup version 0.24-a0-640-ge7cd8ce (webtiles) character file.

Game seed: 4720015376100589964, levelgen mode: deterministic

88 Elfdrinker the Sneak (level 4, -1/27 HPs)
             Began as an Octopode Fire Elementalist on Sept 24, 2019.
             Slain by a worm (9 damage)
             ... on level 2 of the Dungeon.
             The game lasted 00:06:53 (1450 turns).

Elfdrinker the Sneak (Octopode Fire Elementalist)   Turns: 1450, Time: 00:06:54

Health: -1/27      AC:  1    Str:  7    XL:     4   Next: 54%
Magic:  7/7        EV: 13    Int: 18    God:
Gold:   199        SH:  0    Dex: 12    Spells: 4/7 levels left

rFire    . . .     SeeInvis .   k - +2 hand axe (chop)
rCold    . . .     Gourm    .   (no shield)
rNeg     . . .     Faith    .   (helmet restricted)
rPois    .         Spirit   .   (no amulet)
rElec    .         Reflect  .   j - ring of flight
rCorr    .         Harm     .   (no ring)
MR       .....                  (no ring)
Stlth    ++++......             (no ring)
HPRegen  0.09/turn              (no ring)
MPRegen  0.10/turn              (no ring)
                                (no ring)
                                (no ring)

@: no status effects
A: almost no armour, stealthy swim, amphibious, 8 rings, constrict 8, antennae
1, camouflage 1, wild magic 1, gelatinous body 1, no potion heal 1
a: Evoke Flight


You were on level 2 of the Dungeon.
You were not hungry.

You visited 1 branch of the dungeon, and saw 2 of its levels.

You collected 199 gold pieces.

Inventory:

Hand Weapons
 k - a +2 hand axe of chopping (weapon)
Jewellery
 j - a ring of flight (left tentacle)
Scrolls
 d - 2 scrolls of identify
 h - a scroll of amnesia {unknown}
Potions
 a - a potion of resistance {unknown}
 c - a potion of lignification {unknown}
 e - a potion of flight {unknown}
 f - a potion of curing
 g - a potion of brilliance {unknown}
Comestibles
 b - 6 rations


   Skills:
 + Level 0.5 Fighting
 + Level 0.5 Axes
 + Level 2.4 Dodging
 + Level 4.4 Stealth
 + Level 2.4 Spellcasting
 + Level 1.0 Conjurations
 + Level 3.6 Fire Magic


You had 4 spell levels left.
You knew the following spells:

 Your Spells              Type           Power        Failure   Level  Hunger
a - Flame Tongue          Conj/Fire      ##...        11%         1    #......
b - Throw Flame           Conj/Fire      ##....       14%         2    ##.....

Your spell library contained the following spells:

 Spells                   Type           Power        Failure   Level  Hunger
 Conjure Flame            Conj/Fire      ##......     28%         3    ###....
 Inner Flame              Hex/Fire       ##......     32%         3    ###....
 Sticky Flame             Conj/Fire      ##......     63%         4    #####..
 Fireball                 Conj/Fire      ##........   92%         5    ######.


Dungeon Overview and Level Annotations

Branches:
Dungeon (2/15)

Altars:
Hepliaklqana
Nemelex Xobeh
Uskayaw


Innate Abilities, Weirdness & Mutations

You cannot wear most types of armour.
You are very stealthy in the water. (Stealth+)
You are amphibious.
You can wear up to eight rings at the same time.
You can use your tentacles to constrict eight enemies at once.
Your skin changes colour to match your surroundings (Stealth+).
Your rubbery body absorbs attacks. (AC +1, EV +1)
You have a pair of small antennae on your head.
Your spells are a little harder to cast, but a little more powerful.
Potions are less effective at restoring your health.


Message History

You feel sick.
A rat and a worm come into view.
The helpless kobold fails to defend itself.
You hit the kobold.
You kill the kobold!
You feel sick.
You are no longer poisoned.
The rat closely misses you.
You closely miss the rat. You grab the rat. You squeeze the rat.
You kill the rat!
The worm bites you!
* * * LOW HITPOINT WARNING * * *
You are too injured to fight recklessly!
You are too injured to fight recklessly!
You hit the worm but do no damage. You grab the worm.
You constrict the worm, but do no damage.
You hit the worm. You squeeze the worm.
The worm is severely wounded.
You constrict the worm. The worm bites you!
You die...

##.####.......##.# #
#..# #.......##.#
#.#..# #.......##.#
####.#..#
#.#...#.##÷#
#.......#
#.#####...÷.
#.#.#####.# #.##.#
#.........#####.##.#
###.#####..........#
#@# #...†>..#### #w#
######### ..# ####


You could see a worm.

Vanquished Creatures
  A hound (D:2)
  2 adders (D:2)
  3 leopard geckos
  2 giant cockroaches
  4 goblins
  5 hobgoblins
  A quokka (D:2)
  A ball python (D:2)
  6 bats
  A frilled lizard (D:2)
  6 kobolds
  7 rats
  A fungus (D:1)
40 creatures vanquished.

Vanquished Creatures (others)
  3 toadstools (D:1)
3 creatures vanquished.

Grand Total: 43 creatures vanquished

Notes
Turn   | Place    | Note
-------+----------+-------------------------------------------
     0 | D:1      | Elfdrinker the Octopode Fire Elementalist began the quest
                  | for the Orb.
     0 | D:1      | Reached XP level 1. HP: 11/11 MP: 3/3
   100 | D:1      | Reached XP level 2. HP: 6/17 MP: 0/5
   768 | D:1      | Gained mutation: Your spells are a little harder to cast,
                  | but a little more powerful. [potion of mutation]
   768 | D:1      | Gained mutation: Potions are less effective at restoring
                  | your health. [potion of mutation]
   768 | D:1      | Gained mutation: You have a pair of small antennae on your
                  | head. [potion of mutation]
   772 | D:1      | Learned a level 2 spell: Throw Flame
   841 | D:1      | Reached skill level 3 in Stealth
  1041 | D:2      | Reached XP level 3. HP: 15/21 MP: 6/6
  1104 | D:2      | Reached skill level 4 in Stealth
  1104 | D:2      | Reached XP level 4. HP: 24/27 MP: 4/7
  1280 | D:2      | Found a sparkling altar of Nemelex Xobeh.
  1280 | D:2      | Found a hazy altar of Hepliaklqana.
  1283 | D:2      | Found a hide-covered altar of Uskayaw.
  1450 | D:2      | Slain by a worm

Levels and vault maps discovered:
D:1:      denvon_arrival_hothouse, layout_basic, minmay_gold_behind_fungi
D:2:      layout_loops_ring, lemuel_coloured_pillars_altar,
          grunt_temple_overflow_open, first_ration

Skill      XL: |  1  2  3 |
---------------+----------+-----
Stealth        | 3 4 |  4.4
Fighting       | |  0.5
Axes           | |  0.5
Dodging        | |  2.4
Spellcasting   | |  2.4
Conjurations   | |  1.0
Fire Magic     | |  3.6

Action                   |  1- 3 |  4- 6 || total
-------------------------+-------+-------++-------
Melee: Unarmed           |    17 |       ||    17
       Dagger            |    28 |       ||    28
       Constrict         |    12 |     5 ||    17
       Tentacles         |     9 |     5 ||    14
       Hand axe          |    16 |    16 ||    32
 Cast: Flame Tongue      |     3 |     1 ||     4
       Throw Flame       |     3 |     5 ||     8
  Use: Scroll            |     6 |       ||     6
       Potion            |     1 |       ||     1
 Stab: Sleeping          |     9 |     3 ||    12
  Eat: Chunk             |       |     2 ||     2
Armor: Skin              |     4 |       ||     4
Dodge: Dodged            |    26 |     8 ||    34

Table legend:
 A = Non-vault XP
 B = Vault XP
 C = Vault XP percentage of total XP
 D = Non-vault monster count
 E = Vault monster count
 F = Vault count percentage of total count
                 A         B        C        D         E       F
            +---------+---------+-------+---------+---------+-------
      Total |     127 |       0 |   0.0 |      39 |       0 |   0.0
            +---------+---------+-------+---------+---------+-------
        D:1 |      27 |       0 |   0.0 |      18 |       0 |   0.0
        D:2 |     100 |       0 |   0.0 |      21 |       0 |   0.0
            +---------+---------+-------+---------+---------+-------
